 Dungeon Crawl Stone Soup version 0.29.1-12-g30fa7ad0bf (webtiles) character file.

Game seed: 7084719243216526499

91 IcyTea the Shield-Bearer (level 4, -3/37 HPs)
             Began as a Formicid Fighter on Dec 23, 2022.
             Slain by an orc priest
             ... wielding a +0 mace
              (8 damage)
             ... on level 3 of the Dungeon.
             The game lasted 00:04:51 (1871 turns).

IcyTea the Shield-Bearer (Formicid Fighter)         Turns: 1871, Time: 00:04:52

Health: -3/37      AC:  7    Str: 19 (20) XL:     4   Next: 87%
Magic:  6/6        EV:  8    Int:  7 (10) God:
Gold:   86         SH:  9    Dex: 13      Spells: 6/6 levels left

rFire   . . .      SeeInvis +   a - +0 war axe
rCold   . . .      Faith    .   j - +0 kite shield of the Ward {rN+}
rNeg    + . .      Spirit   .   b - +0 scale mail
rPois   .          Reflect  .   (helmet unavailable)
rElec   .          Harm     .   (no cloak)
rCorr   .          Rampage  .   (no gloves)
Will    .....                   (no boots)
Stlth   ..........              (no amulet)
HPRegen 0.12/turn               (no ring)
MPRegen 0.10/turn               (no ring)

@: no status effects
A: permanent stasis, dig shafts and tunnels, antennae 3, four strong arms
a: Dig, Shaft Self


You were on level 3 of the Dungeon.
You visited 1 branch of the dungeon, and saw 3 of its levels.

You collected 86 gold pieces.

Inventory:

Hand Weapons
 a - a +0 war axe (weapon)
Missiles
 f - 8 poisoned darts (quivered)
 l - 2 javelins
Armour
 b - a +0 scale mail (worn)
 c - a +0 buckler
 j - the +0 kite shield of the Ward (worn) {rN+}
   (You found it on level 2 of the Dungeon)

   rN:        It protects you from negative energy.
Scrolls
 h - a scroll of fog {unknown}
 i - 2 scrolls of identify {unknown}
Potions
 d - a potion of might
 e - a potion of mutation {unknown}
 g - a potion of ambrosia {unknown}


   Skills:
 + Level 3.8 Fighting
 + Level 2.7 Axes
 + Level 3.9 Armour
 + Level 4.6 Shields
 + Level 1.5 Spellcasting


You had 6 spell levels left.
You didn't know any spells.
Your spell library contained the following spells:

 Spells                   Type           Power      Damage    Failure   Level
 Gell's Gravitas          Tloc           0%         N/A       100%        3
 Lesser Beckoning         Tloc           0%         N/A       100%        3
 Teleport Other           Tloc           0%         N/A       100%        3


Dungeon Overview and Level Annotations

Branches:
Dungeon (3/15)

Altars:


Innate Abilities, Weirdness & Mutations

You cannot be hasted, slowed, berserked, paralysed or teleported.
You can dig through walls and to a lower floor.
You have a pair of large antennae on your head. (SInv)
Your four strong arms can wield two-handed weapons with a shield.


Message History

The orc is lightly wounded.
You hit the orc but do no damage. The orc hits you but does no damage.
You block the orc's attack. The orc hits you with a +0 short sword.
You hit the orc priest.
The orc priest is moderately wounded.
You closely miss the orc. x2; The orc hits you with a +0 dagger.
The orc priest hits you with a +0 mace. The orc hits you with a +0 short sword.
You hit the orc priest.
The orc priest is moderately wounded.
You barely miss the orc. You closely miss the orc.
The orc priest invokes the aid of Beogh against you.
Beogh smites you! The orc hits you but does no damage.
You block the orc's attack. The orc priest hits you with a +0 mace.
The orc hits you but does no damage. The orc hits you with a +0 dagger.
* * * LOW HITPOINT WARNING * * *
You hit the orc priest.
The orc priest is moderately wounded.
You closely miss the orc. You slash the orc!
You kill the orc!
The orc hits you but does no damage.
The orc priest mumbles some strange prayers to Beogh against you.
Pain shoots through your body!
* * * LOW HITPOINT WARNING * * *
Okay, then.
You completely miss the orc priest.
The orc priest is moderately wounded.
You slash the orc!
You kill the orc!
You block the orc priest's attack.
The orc priest mumbles some strange prayers to Beogh against you.
You barely resist. You hit the orc priest.
The orc priest is severely wounded.
You block the orc priest's attack.
You hit the orc priest.
The orc priest is severely wounded.
The orc priest hits you with a +0 mace.
* * * LOW HITPOINT WARNING * * *
The orc priest hits you with a +0 mace!
You die...

........#......
................
#...o...........
#...o...........
#...^...........
#.#.......
#.#.......
.########.#.......
.......@)......#
.......)o#.#.#.#
.........#.# #
.........#.#
........$#.#
.........#.#.#.###
.........#.#.....##
.........#.##.....
#.##....#


You could see an orc priest.

Vanquished Creatures
  An adder (D:2)
  3 gnolls (D:2)
  A dart slug (D:1)
  3 orcs (D:3)
  A ball python (D:1)
  5 bats
  5 endoplasms
  2 giant cockroaches
  2 goblins
  3 hobgoblins
  4 quokkas
  A frilled lizard (D:3)
  7 kobolds
  5 rats
43 creatures vanquished.

Notes
Turn   | Place    | Note
-------+----------+-------------------------------------------
     0 | D:1      | IcyTea the Formicid Fighter began the quest for the Orb.
     0 | D:1      | Reached XP level 1. HP: 18/18 MP: 1/1
   147 | D:1      | Reached XP level 2. HP: 16/24 MP: 2/2
   733 | D:1      | Reached XP level 3. HP: 29/29 MP: 4/4
   940 | D:2      | Identified the +0 kite shield of the Ward {rN+}
  1008 | D:2      | Reached skill level 1 in Spellcasting
  1104 | D:2      | Reached XP level 4. HP: 15/37 MP: 5/5
  1871 | D:3      | Slain by an orc priest

Illustrated notes

Levels and vault maps discovered:
D:1:      dpeg_arrival_pond, layout_basic, minmay_domino_2
D:2:      layout_basic, nicolae_grassy_gnolls
D:3:      layout_basic, uniq_sigmund

Skill      XL: |  1  2  3 |
---------------+----------+-----
Spellcasting   | 1 |  1.5
Fighting       | |  3.8
Axes           | |  2.7
Armour         | |  3.9
Shields        | |  4.6

Action                   |  1- 3 |  4- 6 || total
-------------------------+-------+-------++-------
Melee: War axe           |    72 |    47 ||   119
  Use: Potion            |     3 |       ||     3
       Scroll            |     1 |       ||     1
Armor: Scale mail        |    39 |    18 ||    57
Dodge: Dodged            |    35 |    16 ||    51
Block: Buckler           |    13 |       ||    13
       Kite shield       |    14 |    24 ||    38
